 Dungeon Crawl Stone Soup version 0.29-a0-286-g41199d4a87 (webtiles) character file.

Game seed: 720114916013923604

145000 epen the Gnoll Aeon (level 17, -16/172 HPs)
             Began as a Gnoll Arcane Marksman on Mar 16, 2022.
             Was the Champion of Cheibriados.
             Blown up by an orb spider (63 damage)
             ... with an orb of destruction
             ... on level 2 of the Spider Nest.
             The game lasted 00:51:35 (27571 turns).

epen the Gnoll Aeon (Gnoll Arcane Marksman)        Turns: 27571, Time: 00:51:36

Health: -16/172    AC: 36    Str: 25      XL:     17   Next: 41%
Magic:  4/33       EV: 28    Int: 32 (35) God:    Cheibriados [******]
Gold:   2763       SH: 10    Dex: 35 (36) Spells: 26/40 levels left

rFire   . . .      SeeInvis .     - Unarmed
rCold   . . .      Faith    .   N - +0 buckler
rNeg    + . .      Spirit   .   (body armour currently unavailable)
rPois   ∞          Reflect  .   A - +0 helmet
rElec   +          Harm     +   J - +1 cloak
rCorr   .          Rampage  .   (gloves currently unavailable)
Will    +....                   (boots currently unavailable)
Stlth   ++++++....              L - amulet "Nudalu" {Harm Regen+ Int+4 Dex+4}
HPRegen 1.18/turn               f - +4 ring of protection
MPRegen 0.23/turn               E - ring of wizardry

@: statue-form, very slow
A: slow and powerful, torment resistance 1, boosted hp, fangs 1, strong nose,
distributed training
a: End Transformation, Renounce Religion, Bend Time, Temporal Distortion,
Slouch, Step From Time


You were on level 2 of the Spider Nest.
You worshipped Cheibriados.
Cheibriados was exalted by your worship.
You were a living statue of rough stone.
You visited 5 branches of the dungeon, and saw 26 of its levels.
You visited the Abyss 1 time.
You also visited: Ice Cave.

You collected 3191 gold pieces.
You spent 428 gold pieces at shops.

Inventory:

Hand Weapons
 a - a +0 shortbow
 d - a +6 shortbow of electrocution
 m - a +4 trident of freezing
 s - a +2 scimitar of flaming
 D - a +5 battleaxe of freezing
 I - a +4 falchion of freezing
Missiles
 t - 3 throwing nets
Armour
 z - the +0 pair of gloves "Fejiom" {Int+5}
   (You found it on level 12 of the Dungeon)

   Int:       It affects your intelligence (+5).
 A - a +0 helmet (worn)
 G - a +2 pair of boots (melded)
 J - a +1 cloak (worn)
 M - the +0 pair of fencer's gloves (melded) {Riposte Dex+3}
   (You found it on level 14 of the Dungeon)

   It allows the wearer to riposte with melee weapons, swiftly retaliating
   against missed attacks.
   Dex:       It affects your dexterity (+3).
 N - a +0 buckler (worn)
Jewellery
 f - a +4 ring of protection (left fist)
 j - a +4 ring of protection
 E - a ring of wizardry (right fist)
 L - the amulet "Nudalu" (around neck) {Harm Regen+ Int+4 Dex+4}
   (You acquired it on level 2 of the Lair of Beasts)

   [amulet of regeneration]

   Int:       It affects your intelligence (+4).
   Dex:       It affects your dexterity (+4).
   Regen:     It increases your rate of health regeneration.
   Harm:      It increases damage dealt and taken.
 U - a +6 ring of dexterity
 W - an amulet of magic regeneration
Wands
 b - a wand of digging (3)
 k - a wand of polymorph (7)
 u - a wand of iceblast (27)
 w - a wand of flame (16)
 R - a wand of acid (4)
 V - a wand of mindburst (10)
 X - a wand of paralysis (5)
Scrolls
 c - 4 scrolls of vulnerability
 i - 2 scrolls of blinking
 l - 2 scrolls of magic mapping
 n - 5 scrolls of amnesia
 o - 5 scrolls of immolation
 q - 2 scrolls of silence
 r - 5 scrolls of enchant armour
 v - a scroll of fear
 y - 2 scrolls of holy word
 C - 3 scrolls of teleportation
 F - 8 scrolls of identify
 K - 3 scrolls of brand weapon
 P - 6 scrolls of fog
 T - 2 scrolls of summoning
 Z - a scroll of enchant weapon
Potions
 e - 4 potions of mutation
 g - 3 potions of magic
 h - 4 potions of brilliance
 p - 7 potions of might
 x - 2 potions of berserk rage
 B - a potion of resistance
 H - 5 potions of attraction
 O - 2 potions of cancellation
 S - a potion of heal wounds
 Y - 4 potions of curing
Miscellaneous
 Q - a phantom mirror


   Skills:
 + Level 11.9 Fighting
 + Level 11.6 Short Blades
 + Level 11.6 Long Blades
 + Level 11.6 Axes
 + Level 11.6 Maces & Flails
 + Level 11.6 Polearms
 + Level 11.6 Staves
 + Level 11.6 Slings
 + Level 12.5 Bows
 + Level 11.6 Crossbows
 + Level 11.6 Throwing
 + Level 11.6 Armour
 + Level 12.5 Dodging
 + Level 11.6 Stealth
 + Level 11.6 Shields
 + Level 11.6 Unarmed Combat
 + Level 12.0 Spellcasting
 + Level 9.8 Conjurations
 + Level 11.2 Hexes
 + Level 9.8 Summonings
 + Level 9.8 Necromancy
 + Level 9.8 Translocations
 + Level 9.8 Transmutations
 + Level 9.8 Fire Magic
 + Level 9.8 Ice Magic
 + Level 9.8 Air Magic
 + Level 9.8 Earth Magic
 + Level 9.8 Poison Magic
 + Level 12.6 Invocations
 + Level 11.6 Evocations


You had 26 spell levels left.
You knew the following spells:

 Your Spells              Type           Power      Damage    Failure   Level
a - Slow                  Hex            100%       N/A       1%          1
b - Portal Projectile     Hex/Tloc       100%       N/A       1%          3
c - Statue Form           Tmut/Erth      46%        N/A       3%          6
d - Summon Lightning Spi  Summ/Air       70%        N/A       1%          4

Your spell library contained the following spells:

 Spells                   Type           Power      Damage    Failure   Level
 Ensorcelled Hibernation  Hex/Ice        100%       N/A       1%          2
 Static Discharge         Conj/Air       70%        N/A       1%          2
 Sublimation of Blood     Necr           70%        N/A       1%          2
 Call Canine Familiar     Summ           70%        N/A       1%          3
 Inner Flame              Hex/Fire       72%        N/A       1%          3
 Ozocubu's Armour         Ice            70%        N/A       1%          3
 Spider Form              Tmut/Pois      70%        N/A       1%          3
 Anguish                  Hex/Necr       36%        N/A       1%          4
 Animate Armour           Summ/Erth      100%       N/A       1%          4
 Cause Fear               Hex            37%        N/A       1%          4
 Dispel Undead            Necr           70%        3d24      1%          4
 Fulminant Prism          Conj/Hex       36%        3d18      1%          4
 Leda's Liquefaction      Hex/Erth       36%        N/A       1%          4
 Petrify                  Tmut/Erth      70%        N/A       1%          4
 Sticky Flame             Conj/Fire      70%        2d8       1%          4
 Blade Hands              Tmut           35%        N/A       1%          5
 Fireball                 Conj/Fire      35%        3d15      1%          5
 Irradiate                Conj/Tmut      35%        3d25      1%          5
 Iskenderun's Battlesphe  Conj           70%        2d12      1%          5
 Metabolic Englaciation   Hex/Ice        36%        N/A       1%          5
 Conjure Ball Lightning   Conj/Air       35%        3x3d11    3%          6
 Starburst                Conj/Fire      35%        6d10      3%          6
 Dragon Form              Tmut           35%        N/A       17%         7
 Malign Gateway           Summ/Tloc      35%        N/A       17%         7
 Orb of Destruction       Conj           35%        9d10      17%         7
 Ozocubu's Refrigeration  Ice            35%        4d12      17%         7
 Storm Form               Tmut/Air       35%        N/A       17%         7
 Ignition                 Fire           35%        3d11      77%         8
 Maxwell's Capacitive Co  Air            35%        ∞         77%         8
 Dragon's Call            Summ           35%        N/A       100%        9


Dungeon Overview and Level Annotations

Branches:
Dungeon (15/15)            Temple (1/1) D:5            Lair (6/6) D:11
 Shoals (0/4) Lair:3       Spider (2/4) Lair:3        Slime (0/5) Lair:5
    Orc (2/2) D:11            Elf (0/3) Orc:2        Vaults (0/5) D:14
 Depths (0/4) D:15          IceCv (visited)

Altars:
Ashenzari
Cheibriados
Dithmenos
Hepliaklqana
Qazlal
Ru
Sif Muna
Trog
Yredelemnul
The Shining One
Beogh
Jiyva

Shops:
D:2 [   D:8 *   D:9 (   D:13 (**   Orc:2 ??*[:

Portals:
Pandemonium: Orc:2

Annotations:
D:5 2 runed translucent doors
D:9 2 transporters, Flogoulo's ghost, journeyman OpEE
Spider:2 Arachne


Innate Abilities, Weirdness & Mutations

You are a living statue of rough stone.
Your actions are slow, but your melee attacks are powerful.
You are resistant to unholy torment.
Your maximum health is greatly increased.
You are immune to poison.
Your equipment is partially melded.
You have very sharp teeth.
Your uncanny sense of smell can sniff out nearby items.
Your experience applies equally to all skills.


Message History

The poison arrow hits you. You partially resist.
The demonic crawler misses you.
The demonic crawler hits you but does no damage. x2
The jumping spider leaps!
The demonic crawler hits you but does no damage. x3
The jumping spider leaps!
The web tears apart.
The orb spider weaves a glowing orb of energy.
The jumping spider completely misses you. x2
The demonic crawler misses you.
The demonic crawler completely misses you.
The demonic crawler closely misses you.
The jumping spider leaps!
The entropy weaver misses you. You block the entropy weaver's attack.
The entropy weaver completely misses you. x2
You block the jumping spider's attack.
The jumping spider completely misses you.
The demonic crawler completely misses you. x2
The demonic crawler misses you.
An orb of destruction comes into view.
You pulverise the wolf spider!!!
You bite the wolf spider.
You kill the wolf spider!
Cheibriados thoroughly appreciates the change of pace.
Arachne hits you but does no damage. You block the jumping spider's attack.
The jumping spider bites you but does no damage.
The entropy weaver hits you!
The entropy weaver completely misses you.
The entropy weaver hits you but does no damage.
The entropy weaver hits you.
* * * LOW HITPOINT WARNING * * *
The demonic crawler hits you but does no damage.
You block the demonic crawler's attack. The demonic crawler barely misses you.
Arachne says, "No one escapes my webs."
Arachne closely misses you.
The jumping spider leaps!
The entropy weaver barely misses you.
The entropy weaver hits you but does no damage. x2
The entropy weaver hits you.
* * * LOW HITPOINT WARNING * * *
The orb spider begins to weave its threads into a brightly glowing ball.
The orb of destruction hits you!!!
You die...

......s.†.††!..
.#.....#.†.!.#...$#....
..B.$.##..###..........
.........!.?B .........
....#..##..#^.^.!
..........s......
........#.☼........
...#....sB○.#.....#
........H8○..s..#.
......#.††.....^?..
...........#.......
..................^
..#...†..$....#....
......>............
#.....##...$.......
.....s......#......
.........#..#^#.#


You could see Arachne, a radroach, an entropy weaver, a demonic crawler, an orb
spider (charged) and 2 jumping spiders.

Vanquished Creatures
  Jorgrun (Orc:2)
  Frances (D:12)
  An emperor scorpion (Spider:2)
  A ghost moth (Spider:2)
  A spark wasp (Spider:1)
  2 entropy weavers
  A vault guard (D:14)
  Fannar (Lair:2)
  An ice dragon (D:11)
  8 boulder beetles
  10 hydras
  3 ogre magi
  2 demonspawn (Orc:2)
  Erica (D:11)
  A jorogumo (shapeshifter) (D:11)
  A death knight (D:13)
  A merfolk avatar (Lair:6)
  6 centaur warriors
  A radroach (Spider:1)
  14 two-headed ogres
  3 tengu warriors
  14 death yaks
  4 orc high priests (Orc:2)
  Sonja (Orc:1)
  Nergalle (D:11)
  A pharaoh ant (Spider:2)
  6 skeletal warriors
  Lodul (D:12)
  2 orb spiders (Spider:2)
  2 steelbarb worms (Spider:1)
  2 wizards
  A harpy (Lair:6)
  4 necromancers (D:14)
  9 orc knights
  A lindwurm (Lair:5)
  8 cyclopes
  9 wolf spiders
  6 ugly things
  8 orc sorcerers (Orc:2)
  5 manticores (Lair:6)
  A salamander (D:15)
  15 elephants (Lair:6)
  2 black mambas
  A merfolk siren (Lair:3)
  A rust devil (Orc:2)
  Joseph (D:7)
  10 cane toads
  5 torpor snails
  5 demonic crawlers
  Maggie (D:8)
  3 gargoyles
  2 unseen horrors (D:11)
  A tengu conjurer (D:15)
  A kobold demonologist (D:10)
  A yaktaur (D:14)
  3 rime drakes
  11 komodo dragons
  Psyche (D:7)
  3 entropy weaver simulacra (IceCv)
  An ice devil (Orc:2)
  A red devil (Orc:2)
  4 trolls
  4 polar bears
  A queen bee (Spider:2)
  6 meliai
  Prince Ribbit (D:7)
  A wind drake (Lair:6)
  6 tarantellas
  A snapping turtle (Lair:6)
  2 blink frogs (Lair:6)
  A snapping turtle (shapeshifter) (D:15)
  8 dream sheep
  22 slime creatures
  8 jumping spiders
  2 culicivoras (Spider:1)
  2 shadows
  3 water elementals (D:15)
  54 yaks
  4 wyverns
  3 wraiths
  Grum (D:8)
  3 basilisks
  A yak (shapeshifter) (D:10)
  4 vampire mosquitoes (D:13)
  18 humans (D:14)
  2 steam dragons
  A neqoxec (Orc:2)
  29 redbacks
  3 wargs
  A demonic crawler simulacrum (IceCv)
  2 acid dragons (D:11)
  19 water moccasins
  2 ugly thing simulacra (IceCv)
  2 ice beasts
  39 orc warriors
  3 black bears
  30 wolves
  8 ogres
  8 centaurs
  2 kobold brigands
  A necrophage (D:6)
  A gnoll sergeant (D:9)
  6 bullfrogs
  5 scorpions
  12 wights
  37 killer bees
  4 howler monkeys
  4 electric eels (D:15)
  24 orc priests
  5 hounds
  3 jellies
  2 gnoll shamans
  Jessica (D:2)
  A hell rat (D:11)
  3 iguanas
  22 orc wizards
  Natasha (twice) (D:2)
  26 gnolls
  9 adders
  A white imp (D:5)
  2 ufetubi
  3 dart slugs
  92 orcs
  6 ball pythons
  4 endoplasms
  8 giant cockroaches
  15 goblins
  12 hobgoblins
  3 jackals (D:1)
  18 kobolds
  9 quokkas
  4 bats
  3 frilled lizards
  9 rats
884 creatures vanquished.

Vanquished Creatures (collateral kills)
  A hydra (D:15)
  An orb spider (Spider:2)
  An ugly thing (D:15)
  A manticore (D:14)
  A slime creature (D:13)
  A human (D:14)
  An orc warrior (Orc:2)
  2 orc priests (Orc:2)
9 creatures vanquished.

Vanquished Creatures (others)
  A komodo dragon (Lair:6)
  51 fungi
  80 plants
132 creatures vanquished.

Grand Total: 1025 creatures vanquished

Notes
Turn   | Place    | Note
-------+----------+-------------------------------------------
     0 | D:1      | epen the Gnoll Arcane Marksman began the quest for the Orb.
     0 | D:1      | Reached XP level 1. HP: 17/17 MP: 4/4
   211 | D:1      | Reached XP level 2. HP: 19/23 MP: 5/5
   395 | D:1      | You fall into a shaft and drop 1 floor!
   456 | D:2      | Reached XP level 3. HP: 28/28 MP: 7/7
   930 | D:2      | Noticed Natasha
   938 | D:2      | Killed Natasha
   939 | D:2      | Reached skill level 1 in Short Blades
   939 | D:2      | Reached skill level 1 in Long Blades
   939 | D:2      | Reached skill level 1 in Axes
   939 | D:2      | Reached skill level 1 in Maces & Flails
   939 | D:2      | Reached skill level 1 in Polearms
   939 | D:2      | Reached skill level 1 in Staves
   939 | D:2      | Reached skill level 1 in Slings
   939 | D:2      | Reached skill level 1 in Crossbows
   939 | D:2      | Reached skill level 1 in Throwing
   939 | D:2      | Reached skill level 1 in Armour
   939 | D:2      | Reached skill level 1 in Stealth
   939 | D:2      | Reached skill level 1 in Shields
   939 | D:2      | Reached skill level 1 in Unarmed Combat
   939 | D:2      | Reached skill level 1 in Invocations
   939 | D:2      | Reached skill level 1 in Evocations
   939 | D:2      | Reached XP level 4. HP: 26/34 MP: 8/8
  1051 | D:2      | Noticed Jessica
  1054 | D:2      | Killed Jessica
  1055 | D:2      | Reached skill level 1 in Conjurations
  1055 | D:2      | Reached skill level 1 in Summonings
  1055 | D:2      | Reached skill level 1 in Necromancy
  1055 | D:2      | Reached skill level 1 in Translocations
  1055 | D:2      | Reached skill level 1 in Transmutations
  1055 | D:2      | Reached skill level 1 in Fire Magic
  1055 | D:2      | Reached skill level 1 in Ice Magic
  1055 | D:2      | Reached skill level 1 in Air Magic
  1055 | D:2      | Reached skill level 1 in Earth Magic
  1055 | D:2      | Reached skill level 1 in Poison Magic
  1206 | D:2      | Found Soloig's Armour Shoppe.
  1215 | D:2      | Bought a +0 pair of gloves for 49 gold pieces
  1295 | D:2      | Noticed Natasha
  1311 | D:2      | Killed Natasha
  1312 | D:2      | Reached XP level 5. HP: 35/40 MP: 9/9
  1539 | D:3      | Found a faded altar of an unknown god.
  1685 | D:3      | Identified a scroll of acquirement
  1685 | D:3      | Acquired a +4 shortbow of flaming
  2117 | D:3      | Reached XP level 6. HP: 45/47 MP: 9/11
  2245 | D:3      | Noticed a black bear
  2507 | D:4      | Reached skill level 5 in Bows
  2507 | D:4      | Reached skill level 5 in Dodging
  2948 | D:4      | Reached XP level 7. HP: 48/52 MP: 12/12
  3050 | D:4      | Learned a level 3 spell: Portal Projectile
  3672 | D:5      | Entered Level 5 of the Dungeon
  3779 | D:5      | Found a staircase to the Ecumenical Temple.
  3788 | Temple   | Entered the Ecumenical Temple
  3807 | Temple   | Became a worshipper of Cheibriados the Contemplative
  3965 | D:5      | Reached XP level 8. HP: 55/60 MP: 14/14
  4034 | D:5      | Found a broken altar of Ashenzari.
  4248 | D:5      | Found a large runed translucent door.
  4249 | D:5      | Found a large runed translucent door.
  4779 | D:6      | Reached * piety under Cheibriados
  4888 | D:6      | Identified the +3 leather armour "Utyhuij" {Contam +Blink
                  | rElec}
  5490 | D:6      | Found a shimmering blue altar of Sif Muna.
  5774 | D:6      | Reached XP level 9. HP: 66/66 MP: 16/16
  6349 | D:7      | Reached skill level 5 in Spellcasting
  6375 | D:7      | Noticed Prince Ribbit
  6381 | D:7      | Killed Prince Ribbit
  6381 | D:7      | Reached ** piety under Cheibriados
  6382 | D:7      | Reached skill level 5 in Fighting
  7173 | D:8      | Noticed Joseph
  7173 | D:8      | Noticed Grum
  7227 | D:8      | Noticed Psyche
  7227 | D:8      | Noticed an eight-headed hydra
  7266 | D:8      | Found a basalt altar of Yredelemnul.
  7304 | D:8      | Reached skill level 5 in Invocations
  7574 | D:8      | Noticed Maggie
  7704 | D:7      | Killed Joseph
  7705 | D:7      | Reached XP level 10. HP: 65/74 MP: 18/18
  7796 | D:7      | Killed Psyche
  7864 | D:7      | Killed an eight-headed hydra
  7865 | D:7      | Reached skill level 5 in Short Blades
  7865 | D:7      | Reached skill level 5 in Long Blades
  7865 | D:7      | Reached skill level 5 in Axes
  7865 | D:7      | Reached skill level 5 in Maces & Flails
  7865 | D:7      | Reached skill level 5 in Polearms
  7865 | D:7      | Reached skill level 5 in Staves
  7865 | D:7      | Reached skill level 5 in Slings
  7865 | D:7      | Reached skill level 5 in Crossbows
  7865 | D:7      | Reached skill level 5 in Throwing
  7865 | D:7      | Reached skill level 5 in Armour
  7865 | D:7      | Reached skill level 5 in Stealth
  7865 | D:7      | Reached skill level 5 in Shields
  7865 | D:7      | Reached skill level 5 in Unarmed Combat
  7865 | D:7      | Reached skill level 5 in Evocations
  8220 | D:8      | Killed Maggie
  8229 | D:8      | Reached *** piety under Cheibriados
  8462 | D:8      | Killed Grum
  8648 | D:8      | Found Siucleo's Gadget Gallery.
  8811 | D:8      | Found a sacrificial altar of Ru.
  8914 | D:9      | Noticed a boulder beetle
  8927 | D:9      | Killed a boulder beetle
  8936 | D:9      | Identified the +3 leather armour of the Mauling Gods {rN+}
  8982 | D:9      | Found a bloodstained altar of Trog.
  9062 | D:9      | Found Zimi's Weapon Shoppe.
  9115 | D:9      | Noticed a two-headed ogre
  9117 | D:9      | Noticed a moth of wrath
  9120 | D:9      | Noticed Flogoulo's ghost (journeyman OpEE)
  9126 | D:9      | Found a transporter.
  9127 | D:9      | Found a bloodstained altar of Trog.
  9128 | D:9      | Noticed a tengu warrior
  9134 | D:9      | Found a transporter.
  9155 | D:9      | Noticed a two-headed ogre
  9471 | D:9      | Reached **** piety under Cheibriados
  9477 | D:9      | Reached XP level 11. HP: 75/83 MP: 20/20
  9564 | D:10     | Entered Level 10 of the Dungeon
  9680 | D:10     | Noticed a two-headed ogre
  9687 | D:10     | Killed a two-headed ogre
  9688 | D:10     | Reached skill level 5 in Conjurations
  9688 | D:10     | Reached skill level 5 in Summonings
  9688 | D:10     | Reached skill level 5 in Necromancy
  9688 | D:10     | Reached skill level 5 in Translocations
  9688 | D:10     | Reached skill level 5 in Transmutations
  9688 | D:10     | Reached skill level 5 in Fire Magic
  9688 | D:10     | Reached skill level 5 in Ice Magic
  9688 | D:10     | Reached skill level 5 in Air Magic
  9688 | D:10     | Reached skill level 5 in Earth Magic
  9688 | D:10     | Reached skill level 5 in Poison Magic
  9792 | D:10     | Found a stormy altar of Qazlal.
 10076 | D:10     | Got the Handbook of Attacks and Creation
 10254 | D:10     | Found a shadowy altar of Dithmenos.
 10311 | D:10     | Found a glowing golden altar of the Shining One.
 10347 | D:10     | Noticed a two-headed ogre
 10356 | D:10     | Killed a two-headed ogre
 11053 | D:11     | Noticed Erica
 11075 | D:11     | Killed Erica
 11413 | D:11     | Found a staircase to the Lair.
 11413 | D:11     | Noticed a death yak
 11595 | D:11     | Noticed Nergalle
 11603 | D:11     | Killed Nergalle
 11669 | D:11     | Noticed a cyclops
 11676 | D:11     | Killed a cyclops
 11823 | D:11     | Noticed a cyclops
 11857 | D:11     | Reached ***** piety under Cheibriados
 11967 | D:11     | Noticed a death yak
 11967 | D:11     | Noticed a death yak
 11971 | D:11     | Killed a death yak
 11972 | D:11     | Reached XP level 12. HP: 74/91 MP: 13/23
 11985 | D:11     | Killed a death yak
 11993 | D:11     | Killed a death yak
 12220 | D:11     | Found a staircase to the Orcish Mines.
 12830 | D:11     | Noticed an ice dragon
 12847 | D:11     | Noticed a boulder beetle
 12872 | D:11     | Killed a boulder beetle
 13119 | D:11     | Noticed an ogre mage
 13409 | Lair:1   | Entered Level 1 of the Lair of Beasts
 14017 | Lair:1   | Found a glowing golden altar of the Shining One.
 15059 | Lair:2   | Noticed Fannar
 15085 | Lair:2   | Killed Fannar
 15086 | Lair:2   | Reached XP level 13. HP: 16/99 MP: 16/25
 15500 | Lair:2   | Acquired the amulet "Nudalu" {Harm Regen+ Int+4 Dex+4}
 15894 | Lair:3   | Reached ****** piety under Cheibriados
 15938 | Lair:3   | Found a hole to the Spider Nest.
 16195 | Lair:3   | Found a staircase to the Shoals.
 16748 | Lair:4   | Learned a level 6 spell: Statue Form
 17766 | Lair:5   | Found a viscous altar of Jiyva.
 17767 | Lair:5   | Found a staircase to the Slime Pits.
 17933 | Lair:5   | Reached skill level 10 in Bows
 17933 | Lair:5   | Reached skill level 10 in Dodging
 17935 | Lair:5   | Reached XP level 14. HP: 108/108 MP: 16/27
 18534 | Lair:6   | Entered Level 6 of the Lair of Beasts
 18780 | Lair:6   | Reached skill level 10 in Invocations
 18954 | Lair:6   | Identified the +7 trident of Cunkon {vorpal, Str+4 Int+7}
 19142 | Lair:6   | Reached skill level 10 in Spellcasting
 19234 | Lair:6   | Reached skill level 10 in Fighting
 19697 | Lair:6   | Identified the +5 trident "Dock" {elec, MP+9}
 20121 | D:11     | Reached XP level 15. HP: 115/115 MP: 27/29
 20186 | D:11     | Identified the +8 great mace "Warghuzaim" {elec, Str+2}
 20254 | D:11     | Reached skill level 10 in Hexes
 20452 | D:12     | Noticed Frances
 20458 | D:12     | Killed Frances
 20535 | D:12     | Found a transporter.
 20572 | D:12     | Reached skill level 10 in Short Blades
 20572 | D:12     | Reached skill level 10 in Long Blades
 20572 | D:12     | Reached skill level 10 in Axes
 20572 | D:12     | Reached skill level 10 in Maces & Flails
 20572 | D:12     | Reached skill level 10 in Polearms
 20572 | D:12     | Reached skill level 10 in Staves
 20572 | D:12     | Reached skill level 10 in Slings
 20572 | D:12     | Reached skill level 10 in Crossbows
 20572 | D:12     | Reached skill level 10 in Throwing
 20572 | D:12     | Reached skill level 10 in Armour
 20572 | D:12     | Reached skill level 10 in Stealth
 20572 | D:12     | Reached skill level 10 in Shields
 20572 | D:12     | Reached skill level 10 in Unarmed Combat
 20572 | D:12     | Reached skill level 10 in Evocations
 20621 | D:12     | Found a transporter.
 20924 | D:12     | Noticed Lodul
 20934 | D:12     | Killed Lodul
 21310 | D:12     | Identified the +0 pair of gloves "Fejiom" {Int+5}
 21772 | D:13     | Found Ruim's General Store.
 21780 | D:13     | Bought a potion of curing for 39 gold pieces
 21809 | D:13     | Found Paukk's General Store.
 21817 | D:13     | Bought a potion of heal wounds for 80 gold pieces
 21817 | D:13     | Bought a potion of heal wounds for 80 gold pieces
 21927 | D:13     | Found Pyask's Antique Weapon Shop.
 22168 | D:14     | Found a frozen archway.
 22180 | IceCv    | Entered an ice cave
 22338 | D:14     | Learned a level 4 spell: Summon Lightning Spire
 23019 | D:14     | Reached XP level 16. HP: 124/124 MP: 25/30
 23046 | D:14     | Found the +0 pair of fencer's gloves {Riposte Dex+3}
 23116 | D:14     | Found a gate to the Vaults.
 23258 | D:15     | Entered Level 15 of the Dungeon
 23437 | D:15     | Cast into level 3 of the Abyss (a wizard)
 23491 | Abyss:3  | Noticed a tentacled starspawn
 23493 | D:15     | Escaped the Abyss
 23710 | D:15     | Found a staircase to the Depths.
 23890 | D:15     | Paralysed by something for 3 turns
 24663 | Orc:1    | Entered Level 1 of the Orcish Mines
 24891 | Orc:2    | Entered Level 2 of the Orcish Mines
 25107 | Orc:1    | Noticed Sonja
 25112 | Orc:1    | Killed Sonja
 25305 | Orc:2    | Found Ciuddes's Magic Scroll Shoppe.
 25323 | Orc:2    | Found Kedess's Magic Scroll Emporium.
 25523 | Orc:2    | Found Husmuop's Assorted Antiques.
 25694 | Orc:2    | Found a staircase to the Elven Halls.
 25821 | Orc:2    | Noticed Jorgrun
 25828 | Orc:2    | Killed Jorgrun
 26195 | Orc:2    | Paralysed by an orc sorcerer for 2 turns
 26277 | Orc:2    | Paralysed by an orc sorcerer for 3 turns
 26281 | Orc:2    | Found Semoejou's Antique Armour Boutique.
 26281 | Orc:2    | Found a one-way gate leading to the halls of Pandemonium.
 26281 | Orc:2    | Found Cyryilu's Book Shop.
 26391 | Orc:2    | Bought a glowing cloak for 180 gold pieces
 26686 | Spider:1 | Entered Level 1 of the Spider Nest
 26706 | Spider:1 | Reached XP level 17. HP: 132/132 MP: 26/32
 26966 | Spider:1 | You fall into a shaft and drop 1 floor!
 26972 | Spider:2 | Noticed Arachne
 27571 | Spider:2 | Blown up by an orb spider

Illustrated notes

Levels and vault maps discovered:
D:1:      roderic_octagonal_star, layout_rooms
D:2:      layout_loops_corners, serial_shops, nicolae_shop_trees,
          minmay_worlds_worst_comb, uniq_natasha, uniq_jessica
D:3:      minmay_chambers_of_twos, layout_basic,
          shapermc_ecumenical_altar_starsandcircs
D:4:      corexii_shantytown, layout_basic, st_stairs_8
D:5:      layout_basic, evilmike_ruin_ashenzari, jmf_multi_god_temple2,
          minmay_temple_entry_large_hall, minivault_5, columned_hall_lemuel,
          minmay_diced_spiral
D:6:      layout_layer_cave, lemuel_blue_sif_altar
D:7:      layout_basic, uniq_prince_ribbit1
D:8:      layout_basic, nicolae_overflow_crystal_walls, lemuel_round_altar,
          nicolae_shop_gadgets, uniq_joseph, uniq_grum, uniq_maggie, uniq_psyche
D:9:      layout_roguey, amcnicky_altar_gilded, serial_shops,
          nicolae_shop_bloodbath_and_beyond, gammafunk_ghost_wrathful_warriors
D:10:     layout_loops_corners, nicolae_tso_swordbearing_angel,
          marbit_many_paths, mainiacjoe_overflow_tiny_flanked
D:11:     layout_rooms, dpeg_lair_monsters, david_orc_5, serial_glass,
          glass_columns_a, glass_columns_c, minmay_the_grid_2x2
          [minmay_the_grid_embedded, minmay_the_grid_aliased_spiral,
          minmay_the_grid_dragon_b, minmay_the_grid_prize_four_corners],
          uniq_erica, uniq_nergalle
D:12:     gammafunk_beogh_shrine, layout_loops_ring, grunt_ministairs_2,
          uniq_lodul, uniq_frances
D:13:     layout_stronghold, serial_shops, shop, shop,
          nicolae_shop_advertising_works [nicolae_subvault_shop_adworks]
D:14:     layout_loops_ring, grunt_vaults_entry_tiered,
          portal_ice_cave_entry_pillars_2, hangedman_decor_points,
          eino_curves_03
D:15:     hangedman_depths_entry_try_elsewhere_first, layout_irregular_city,
          serial_bayou, serial_bayou_pond_b, serial_bayou_crossing,
          serial_bayou_lagoon_a, serial_bayou_lake_a, serial_bayou_shore_a,
          serial_bayou_lagoon_b, grunt_decor_cap
Temple:   hc_temple_tempest_star
Lair:1:   layout_layer_cave, chequers_serial_rivers_large_a,
          lemuel_centaur_altar
Lair:2:   layout_cave_shapes, uniq_fannar
Lair:3:   layout_concentric_octagons, elwin_shoals_entry_rooms,
          spider_nest_entry_web_field
Lair:4:   layout_cellular_growth, grunt_megastairs_1, lemuel_fruit_fields,
          lemuel_fruit_fields
Lair:5:   layout_roguey, dpeg_slime_entry_enclosed_altar,
          infiniplex_staircase_pool_2
Lair:6:   gammafunk_lair_ancient_temple, layout_small_grid, serial_bayou_shore_b
Spider:1: layout_spider_delve
Spider:2: layout_spider_delve, special_room [special_room_bee],
          nicolae_spider_orb_run, uniq_arachne
Orc:1:    layout_caves, uniq_sonja
Orc:2:    pf_orc_diabolical, layout_diamond_mine, basic_altar, serial_shops,
          nicolae_shop_overgrown_old_shop, mines2_david, uniq_jorgrun

Skill      XL: |  1  2  3  4  5  6  7  8  9 10 11 12 13 14 15 16 17 |
---------------+----------------------------------------------------+-----
Short Blades   | 1 2 3 4 5 6 7 8 9 10 11 | 11.6
Long Blades    | 1 2 3 4 5 6 7 8 9 10 11 | 11.6
Axes           | 1 2 3 4 5 6 7 8 9 10 11 | 11.6
Maces & Flails | 1 2 3 4 5 6 7 8 9 10 11 | 11.6
Polearms       | 1 2 3 4 5 6 7 8 9 10 11 | 11.6
Staves         | 1 2 3 4 5 6 7 8 9 10 11 | 11.6
Slings         | 1 2 3 4 5 6 7 8 9 10 11 | 11.6
Crossbows      | 1 2 3 4 5 6 7 8 9 10 11 | 11.6
Throwing       | 1 2 3 4 5 6 7 8 9 10 11 | 11.6
Armour         | 1 2 3 4 5 6 7 8 9 10 11 | 11.6
Stealth        | 1 2 3 4 5 6 7 8 9 10 11 | 11.6
Shields        | 1 2 3 4 5 6 7 8 9 10 11 | 11.6
Unarmed Combat | 1 2 3 4 5 6 7 8 9 10 11 | 11.6
Invocations    | 1 2 3 4 5 6 7 8 9 10 11 12 | 12.6
Evocations     | 1 2 3 4 5 6 7 8 9 10 11 | 11.6
Spellcasting   | 3 4 5 6 7 8 9 10 11 12 | 12.0
Conjurations   | 1 2 3 4 5 6 7 8 9 |  9.8
Summonings     | 1 2 3 4 5 6 7 8 9 |  9.8
Necromancy     | 1 2 3 4 5 6 7 8 9 |  9.8
Translocations | 1 2 3 4 5 6 7 8 9 |  9.8
Transmutations | 1 2 3 4 5 6 7 8 9 |  9.8
Fire Magic     | 1 2 3 4 5 6 7 8 9 |  9.8
Ice Magic      | 1 2 3 4 5 6 7 8 9 |  9.8
Air Magic      | 1 2 3 4 5 6 7 8 9 |  9.8
Earth Magic    | 1 2 3 4 5 6 7 8 9 |  9.8
Poison Magic   | 1 2 3 4 5 6 7 8 9 |  9.8
Fighting       | 3 4 5 6 7 8 9 10 11 | 11.9
Bows           | 5 6 7 8 9 10 11 12 | 12.5
Dodging        | 5 6 7 8 9 10 11 12 | 12.5
Hexes          | 6 7 8 9 10 11 | 11.2

Action                   |  1- 3 |  4- 6 |  7- 9 | 10-12 | 13-15 | 16-18 || total
-------------------------+-------+-------+-------+-------+-------+-------++-------
Melee: Battleaxe         |       |       |     8 |       |       |       ||     8
       Unarmed           |       |       |       |     7 |   558 |   548 ||  1113
       Punch             |       |       |       |     1 |    57 |    16 ||    74
       Bite              |       |       |       |     1 |    90 |    89 ||   180
       Shortbow          |       |       |       |     1 |       |       ||     1
 Fire: Shortbow          |    58 |   183 |   279 |   658 |   109 |       ||  1287
 Cast: Portal Projectile |       |       |     3 |    22 |     7 |     1 ||    33
       Slow              |       |       |       |     4 |     2 |       ||     6
       Statue Form       |       |       |       |       |    65 |    50 ||   115
       Summon Lightning  |       |       |       |       |     4 |    11 ||    15
Invok: Slouch            |       |       |       |       |       |     4 ||     4
Evoke: Wand              |       |     1 |     9 |     5 |       |       ||    15
  Use: Scroll            |       |     3 |    13 |     9 |     8 |     4 ||    37
       Potion            |       |       |       |     7 |       |     2 ||     9
 Stab: Sleeping          |       |       |       |       |     4 |     4 ||     8
       Distracted        |       |       |       |       |     1 |     6 ||     7
Armor: Robe              |     5 |    18 |       |       |       |       ||    23
       Ring mail         |       |    19 |    65 |   241 |    40 |       ||   365
       Skin              |       |       |       |    14 |   295 |   439 ||   748
Dodge: Dodged            |    14 |    62 |   122 |   433 |  1025 |  1350 ||  3006
Block: Buckler           |       |       |       |       |       |   431 ||   431

Table legend: (Time is in decaauts)
 A = Elapsed time spent in this place.
 B = Non-inter-level travel time spent in this place.
 C = Inter-level travel time spent in this place.
 D = Time resting spent in this place.
 E = Time spent auto-exploring this place.
 F = Levels seen in this place.
 G = Mean time per level.
                   A        B        C        D        E       F      G
               +--------+--------+--------+--------+--------+-----+--------+
         Total |  43069 |  40424 |   2645 |   2608 |  29924 |  28 | 1538.2 |
       Dungeon |  25496 |  23811 |   1685 |   1889 |  17399 |  15 | 1699.7 |
        Temple |     32 |     22 |     10 |      0 |     12 |   1 |   32.0 |
          Lair |  12011 |  11372 |    639 |    544 |   9129 |   6 | 2001.8 |
   Spider Nest |   1638 |   1588 |     50 |    112 |   1066 |   2 |  819.0 |
  Orcish Mines |   3620 |   3360 |    260 |     61 |   2282 |   2 | 1810.0 |
         Abyss |    126 |    126 |      0 |      0 |      0 |   1 |  126.0 |
      Ice Cave |    144 |    144 |      0 |      0 |     36 |   1 |  144.0 |
               +--------+--------+--------+--------+--------+-----+--------+

Top non-repeatable levels by time:
    D:11: 3830 daAuts
  Lair:1: 2908 daAuts
  Lair:6: 2904 daAuts
   Orc:2: 2640 daAuts
    D:15: 2525 daAuts
     D:7: 2268 daAuts
    D:10: 2192 daAuts
    D:14: 2048 daAuts
     D:6: 2028 daAuts
    D:12: 1995 daAuts
  Lair:4: 1884 daAuts
  Lair:5: 1769 daAuts
    D:13: 1537 daAuts
  Lair:3: 1430 daAuts
Spider:1: 1423 daAuts
